 Dungeon Crawl Stone Soup version 0.28-a0-1227-ga9037bb4c8 (webtiles) character file.

Game seed: 15408327538457330111

93 Encipher the Shield-Bearer (level 4, 0/35 HPs)
             Began as a Demonspawn Fighter on Dec 23, 2021.
             Killed by divine providence
             ... invoked by an orc priest
              (12 damage)
             ... on level 3 of the Dungeon.
             The game lasted 00:04:31 (1477 turns).

Encipher the Shield-Bearer (Demonspawn Fighter)     Turns: 1477, Time: 00:04:31

Health: 0/35       AC: 15    Str: 19    XL:     4   Next: 37%
Magic:  4/4        EV:  7    Int:  9    God:
Gold:   52         SH:  5    Dex: 12    Spells: 3/3 levels left

rFire   . . .      SeeInvis .   a - +0 long sword
rCold   . . .      Faith    .   c - +0 buckler
rNeg    . . .      Spirit   .   j - +0 chain mail
rPois   .          Reflect  .   (no helmet)
rElec   .          Harm     .   (no cloak)
rCorr   .          Rampage  .   (no gloves)
Will    .....                   (no boots)
Stlth   ..........              (no amulet)
HPRegen 0.11/turn               (no ring)
MPRegen 0.09/turn               (no ring)

@: sanguine armoured
A: ignite blood 1, sanguine armour 1, demonic touch 1
a: no special abilities


You were on level 3 of the Dungeon.
You visited 1 branch of the dungeon, and saw 3 of its levels.

You collected 52 gold pieces.

Inventory:

Hand Weapons
 a - a +0 long sword (weapon)
Armour
 c - a +0 buckler (worn)
 j - a +0 chain mail (worn)
Scrolls
 b - 2 scrolls of amnesia {unknown}
 d - 3 scrolls of teleportation {unknown}
 f - a scroll of brand weapon {unknown}
 h - a scroll of silence {unknown}
 l - a scroll of summoning {unknown}
Potions
 e - 2 potions of lignification {unknown}
 g - a potion of flight {unknown}
 i - a potion of haste {unknown}
 k - a potion of berserk rage {unknown}
 m - a potion of cancellation {unknown}


   Skills:
 - Level 3.0 Fighting
 + Level 2.8 Long Blades
 - Level 3.0 Armour
 - Level 4.0 Shields


You had 3 spell levels left.
You didn't know any spells.
Your spell library contained the following spells:

 Spells                   Type           Power      Damage    Failure   Level
 Ensorcelled Hibernation  Hex/Ice        0%         N/A       100%        2
 Tukima's Dance           Hex            0%         N/A       100%        3


Dungeon Overview and Level Annotations

Branches:
Dungeon (3/15)

Altars:


Innate Abilities, Weirdness & Mutations

Your demonic aura sometimes causes spilled blood to erupt in flames.
When seriously injured, your blood forms armour. (AC +6)
Your touch may inflict minor irresistible damage on your foes.


Message History

You open the door.
There is an open door here.
An orc comes into view. It is wielding a +0 hand axe.
The orc shouts!
You hear a shout! x2
An orc is nearby!
An orc priest comes into view. It is wielding a +0 hand axe.
You hit the orc.
The orc is lightly wounded.
The orc hits you but does no damage. You block the orc's attack.
You barely miss the orc.
The orc is lightly wounded.
You closely miss the orc.
The orc is lightly wounded.
You block the orc's attack.
You barely miss the orc.
The orc is lightly wounded.
The orc priest hits you with a +0 hand axe.
The orc hits you with a +0 hand axe.
The orc priest invokes the aid of Beogh against you.
Beogh smites you!
Your blood congeals into armour.
You are too injured to fight recklessly!
You are too injured to fight recklessly!
You are too injured to fight recklessly!
A giant cockroach comes into view.
The orc priest hits you but does no damage.
You hit the orc but do no damage.
The orc is lightly wounded.
The orc hits you but does no damage. The orc priest barely misses you.
You block the orc's attack.
You barely miss the orc priest.
The orc priest hits you but does no damage.
An orc comes into view. It is wielding a +0 short sword.
The orc hits you but does no damage.
You closely miss the orc priest. You block the orc priest's attack.
The orc hits you with a +0 hand axe.
You slash the orc priest!
The orc priest is almost dead.
The orc priest calls down the wrath of Beogh upon you.
Beogh smites you!
You die...

#.# #.# ##.##
#...# #...#
#...#
#...####.#
#..ooBo..#
#.#.#@##.#..#
#.#.#.#
#.#.#.#
#.#'#.#
#.....#
#.....#
#.....# .
#..<..# ..
#.....# ...


You could see an orc priest, 2 orcs and a giant cockroach.

Vanquished Creatures
  3 gnolls (D:2)
  3 adders (D:2)
  A worm (D:2)
  A dart slug (D:1)
  5 ball pythons
  2 bats
  2 endoplasms
  A giant cockroach (D:1)
  6 goblins
  4 hobgoblins (D:1)
  5 frilled lizards
  A kobold (D:1)
  4 rats
38 creatures vanquished.

Notes
Turn   | Place    | Note
-------+----------+-------------------------------------------
     0 | D:1      | Encipher the Demonspawn Fighter began the quest for the
                  | Orb.
     0 | D:1      | Reached XP level 1. HP: 18/18 MP: 1/1
    18 | D:1      | You fall into a shaft and drop 1 floor!
   121 | D:2      | Reached skill level 3 in Shields
   121 | D:2      | Gained mutation: When seriously injured, your blood forms
                  | armour. (AC +6) [demonic ancestry]
   121 | D:2      | Reached XP level 2. HP: 24/24 MP: 2/2
   198 | D:2      | Gained mutation: Your touch may inflict minor irresistible
                  | damage on your foes. [demonic ancestry]
   198 | D:2      | Reached XP level 3. HP: 18/29 MP: 3/3
   237 | D:2      | Noticed an eye of devastation
   251 | D:2      | Found a faded altar of an unknown god.
   253 | D:2      | Noticed a floating eye
   253 | D:2      | Noticed a golden eye
   253 | D:2      | Noticed a shining eye
   581 | D:1      | Reached skill level 4 in Shields
   916 | D:1      | Gained mutation: Your demonic aura sometimes causes spilled
                  | blood to erupt in flames. [demonic ancestry]
   916 | D:1      | Reached XP level 4. HP: 35/35 MP: 4/4
  1477 | D:3      | Killed from afar by an orc priest

Illustrated notes

Levels and vault maps discovered:
D:1:      amcnicky_arrival_choice, layout_rooms, nrook_mini_vaults,
          hangedman_decor_diamond_cutter, hangedman_decor_opposing
D:2:      layout_loops_cross, hellmonk_ecumenical_altar_watching_god
D:3:      layout_basic, gammafunk_ghost_necromancy

Skill      XL: |  1  2  3 |
---------------+----------+-----
Long Blades    | 2 |  2.8
Armour         | 3 |  3.0
Shields        | 3 4 |  4.0
Fighting       | |  3.0

Action                   |  1- 3 |  4- 6 || total
-------------------------+-------+-------++-------
Melee: Long sword        |    70 |    38 ||   108
  Use: Potion            |     1 |       ||     1
Armor: Scale mail        |    29 |       ||    29
       Chain mail        |     2 |    23 ||    25
Dodge: Dodged            |    23 |    10 ||    33
Block: Buckler           |    15 |    13 ||    28

Table legend: (Time is in decaauts)
 A = Elapsed time spent in this place.
 B = Non-inter-level travel time spent in this place.
 C = Inter-level travel time spent in this place.
 D = Time resting spent in this place.
 E = Time spent auto-exploring this place.
 F = Levels seen in this place.
 G = Mean time per level.
                   A        B        C        D        E       F      G
               +--------+--------+--------+--------+--------+-----+--------+
         Total |   1509 |   1470 |     39 |      0 |   1041 |   3 |  503.0 |
       Dungeon |   1509 |   1470 |     39 |      0 |   1041 |   3 |  503.0 |
               +--------+--------+--------+--------+--------+-----+--------+

Top non-repeatable levels by time:
     D:2: 917 daAuts
     D:1: 555 daAuts
     D:3: 36 daAuts
